 Dungeon Crawl Stone Soup version 0.18-a0-987-g0b0e4e7 (webtiles) character file.

630036 vatarom the Warrior (level 27, -12/201 HPs)
             Began as a Formicid Fighter on Jan 2, 2016.
             Was the Champion of Ru.
             Killed by drain life
             ... invoked by a soul eater
              (17 damage)
             ... in Pandemonium on Jan 3, 2016.
             The game lasted 03:54:35 (63329 turns).

vatarom the Warrior (Formicid Fighter)             Turns: 63329, Time: 03:54:35

Health: -12/201    AC: 39    Str: 24    XL:     27
Magic:  41/43      EV:  6    Int: 19    God:    Ru [******]
Gold:   1458       SH: 23    Dex: 15    Spells: 10 memorised, 7 levels left

rFire  + . .     SeeInvis +     L - +10 eveningstar of the Forsaken Nights {freeze, rElec rPois Dex+3}
rCold  . . .     Gourm    +     q - +8 orange crystal plate armour {Archmagi, Int+3 Clar SustAt}
rNeg   . . .     Faith    .     e - +2 large shield {reflect}
rPois  +         Spirit   .     (helmet unavailable)
rElec  +         Dismiss  .     D - +2 cloak
rCorr  .         Reflect  +     z - +0 pair of gloves "Kuguex" {+Fly rPois Dex+4}
SustAt +         Harm     .     m - +0 pair of boots
MR     ++...     Clarity  +     u - amulet of the gourmand
Stlth  ..........               j - ring of the Worm {SustAt Slay+6}
                                g - ring of protection from fire

@: no scrolls, regenerating, drained, very resistant to hostile enchantments,
extremely unstealthy
A: permanent stasis, dig shafts and tunnels, four strong arms, antennae 3,
clumsy 1, frail 1, mutation resistance 1, poison resistance, slow regeneration
1, weak 1, subdued magic 1, inability to read while threatened, no stealth,
hated by all, inability to train dodging, no earth magic, no summoning magic, no
transmutations magic
a: Dig, Shaft Self, Draw Out Power, Power Leap, Apocalypse, Renounce Religion,
Evoke Flight
}: 5/15 runes: decaying, serpentine, silver, abyssal, demonic


You were in Pandemonium.
You worshipped Ru.
Ru was exalted by your worship.
You were not hungry.

You visited 9 branches of the dungeon, and saw 45 of its levels.
You visited Pandemonium 1 time, and saw 3 of its levels.
You visited the Abyss 1 time.
You also visited: Sewer, Bailey, Ice Cave and Volcano.

You collected 6454 gold pieces.
You spent 4996 gold pieces at shops.

Inventory:

Hand Weapons
 L - the +10 eveningstar of the Forsaken Nights (weapon) {freeze, rElec rPois Dex+3}
   (You acquired it on level 2 of the Snake Pit)

   It has been specially enchanted to freeze those struck by it, causing extra
   injury to most foes and up to half again as much damage against particularly
   susceptible opponents.
   It can also slow down cold-blooded creatures.
   It affects your dexterity (+3).
   It insulates you from electricity.
   It protects you from poison.
Armour
 e - a +2 large shield of reflection (worn)
 m - a +0 pair of boots (worn)
 q - the +8 orange crystal plate armour (worn) {Archmagi, Int+3 Clar SustAt}
   (You found it on level 1 of the Snake Pit)

   It affects your intelligence (+3).
   It sustains your strength, intelligence and dexterity.
   It protects you against confusion.
 z - the +0 pair of gloves "Kuguex" (worn) {+Fly rPois Dex+4}
   (You found it on level 8 of the Lair of Beasts)

   It affects your dexterity (+4).
   It protects you from poison.
   It lets you fly.
 D - a +2 cloak (worn)
Jewellery
 c - a +6 ring of protection
 g - a ring of protection from fire (left hand)
 j - the ring of the Worm (right hand) {SustAt Slay+6}
   (You found it on level 2 of the Depths)

   [ring of sustain attributes]

   It sustains your strength, intelligence and dexterity.
   It affects your accuracy and damage with ranged weapons and melee attacks
   (+6).
 k - the ring "Felywnet" {MR+ MP+9 Slay+2}
   (You bought it in a shop on level 1 of the Vaults)

   [ring of magical power]

   It affects your accuracy and damage with ranged weapons and melee attacks
   (+2).
   It affects your resistance to hostile enchantments.
   It affects your magic capacity (+9).
 u - an amulet of the gourmand (around neck)
 v - the amulet "Upiubbil" {Faith rPois rN++ MR- Stlth+}
   (You found it in Pandemonium)

   [amulet of faith]

   It allows you to gain divine favour quickly.
   It protects you from poison.
   It greatly protects you from negative energy.
   It affects your resistance to hostile enchantments.
   It makes you more stealthy.
 G - an uncursed ring of positive energy
 O - an uncursed ring of protection from magic
 P - an uncursed ring of ice
 Q - the ring "Qaid" {+/*Tele +Fly rElec rC+ MP-9}
   (You took it off an angel in Pandemonium)

   [ring of teleportation]

   It may teleport you next to monsters, and can be evoked to randomly teleport.
   It protects you from cold.
   It insulates you from electricity.
   It affects your magic capacity (-9).
   It lets you fly.
 V - the ring of Juogo {rC+ Int+4 Stlth-}
   (You took it off a seraph in Pandemonium)

   [ring of loudness]

   It affects your intelligence (+4).
   It protects you from cold.
   It makes you less stealthy.
Wands
 r - a wand of cold (6/15)
 s - a wand of lightning (2/15)
 x - a wand of disintegration (11/24)
 A - a wand of flame (22/48)
 K - a wand of fireball (3/15)
Scrolls
 f - 8 scrolls of fog
 h - 36 scrolls of remove curse
 l - 5 scrolls of magic mapping
 n - 3 scrolls of amnesia
 p - a scroll of holy word
 w - 4 scrolls of brand weapon
 y - 14 scrolls of recharging
 H - 8 scrolls of fear
 M - 12 scrolls of identify
 S - a scroll of silence
 X - 11 scrolls of enchant weapon
Potions
 a - 4 potions of cancellation
 b - a potion of magic
 d - 2 potions of invisibility
 o - 7 potions of flight
 t - 3 potions of brilliance
 C - 5 potions of cure mutation
 I - 3 potions of resistance
 R - 5 potions of curing
 Y - 2 potions of agility
Books
 i - a book of the Tempests

   Spells                             Type                      Level
   a - Static Discharge               Conjuration/Air              3
   b - Lightning Bolt                 Conjuration/Air              5
   c - Fireball                       Conjuration/Fire             5
   d - Tornado                        Air                          9
   e - Shatter                        Earth                        9
Comestibles
 F - 7 meat rations
 J - 10 bread rations
 T - 8 beef jerkies
 U - 21 fruits
 W - a slice of pizza
 Z - 6 royal jellies


   Skills:
 - Level 19.9(18.3) Fighting
 - Level 19.2(17.6) Maces & Flails
 - Level 18.0(16.5) Armour
 - Level 18.2(16.7) Shields
 - Level 16.0(14.6) Spellcasting
 - Level 19.6(18.0) Hexes
 - Level 16.4(15.0) Necromancy
 - Level 0.8(0.0) Translocations
 * Level 7.1(5.9) Air Magic
 - Level 16.7(15.2) Evocations


You had 7 spell levels left.
You knew the following spells:

 Your Spells              Type           Power        Failure   Level  Hunger
a - Phase Shift           Tloc           ##........   100%        5    ####...
b - Mass Confusion        Hex            ######....   5%          6    #####..
c - Repel Missiles        Chrm/Air       ####..       41%         2    None
d - Confuse               Hex            ######..     1%          3    None
e - Spectral Weapon       Hex/Chrm       #####...     4%          3    None
f - Cause Fear            Hex            ######....   1%          4    None
g - Regeneration          Chrm/Necr      #####.....   9%          3    None
h - Borgnjor's Revivific  Necr           ######....   100%        8    #######
i - Death's Door          Chrm/Necr      #####.....   100%        8    #######
j - Tornado               Air            #####.....   100%        9    #######


Dungeon Overview and Level Annotations

Branches:
Dungeon (15/15)            Temple (1/1) D:4            Lair (8/8) D:8
  Swamp (4/4) Lair:5        Snake (4/4) Lair:3        Slime (0/6) Lair:8
    Orc (2/2) D:10            Elf (0/3) Orc:2        Vaults (5/5) D:13
  Crypt (1/3) Vaults:2     Depths (5/5) D:15            Zot (0/5) Depths:5

Altars:
Ashenzari
Cheibriados
Dithmenos
Elyvilon
Fedhas
Gozag
Kikubaaqudgha
Makhleb
Nemelex Xobeh
Okawaru
Pakellas
Qazlal
Ru
Sif Muna
Trog
Vehumet
Xom
Yredelemnul
Zin
The Shining One
Beogh
Jiyva

Shops:
D:9 *   D:10 ([   Orc:2 !*?(!   Vaults:1 =   Vaults:4 ?   Depths:4 :*?=:

Portals:
Hell: Depths:1 Depths:2 Depths:3 Depths:4 Depths:5
Abyss: Depths:4
Pandemonium: Depths:3 Depths:4
Ziggurat: Depths:1

Annotations:
D:7 PinkishYellow's ghost, novice OgBe


Innate Abilities, Weirdness & Mutations

You are under a permanent stasis effect.
You can dig through walls and to a lower floor.
Your four strong arms can wield two-handed weapons with a shield.
You have a pair of large antennae on your head (SInv).
You are frail (-10% HP).
You regenerate slowly when monsters are visible.
You cannot read scrolls while threatened.
You cannot be stealthy.
You are hated by all.
You cannot train Dodging skill.
You cannot study or cast Earth magic.
You cannot study or cast Summoning magic.
You cannot study or cast Transmutations magic.
You are clumsy. (Dex -2)
You are somewhat resistant to further mutation.
Your system is resistant to poisons.
You are weak. (Str -2)
Your spells are a little easier to cast, but a little less powerful.


Message History

The giant eyeball gazes at you.
Your stasis keeps you stable.
Tovezeh gestures at you.
Your +2 large shield of reflection reflects the shard of ice!
The shard of ice hits Tovezeh.
A soul eater comes into view.
The great orb of eyes begins to attack, but is stunned by your will!
The soul eater draws from the surrounding life force!
* * * LOW HITPOINT WARNING * * *
Unknown command.
You completely miss Tovezeh.
Tovezeh is lightly wounded.
You can read scrolls again.
Tovezeh hits you but does no damage.
Unknown command.
You closely miss Tovezeh.
Tovezeh is lightly wounded.
The soul eater draws from the surrounding life force!
You feel threatened and lose the ability to read scrolls!
You die...

......# #..####..######..
......# #.#................
.....)####..&...G{..........
.....)..[...3.####.#..####.
..............# #...#
.......#)..#..# ##..#
.......#..##..# ##...##
.........###..####3....###.
........## #....@&..G.......
.§§Λ...# #.....G..........
.§∩§w..#####..#.##..####..##
...............###..# #..#
.............)...# #..#
#..######)3####..####..#####.
#..# #....................
#..# #....................
#..# #..####........#####


You could see Tovezeh, a great orb of eyes, a soul eater, a smoke demon and a
giant eyeball.

Vanquished Creatures
  A seraph (Pan)
  Mennas (Vaults:3)
  The ghost of Noname the Severer, a veteran HOGl of Makhleb (Depths:4)
  Boris (Vaults:4)
  Sojobo (Vaults:4)
  An iron giant (Depths:4)
  A caustic shrike (Depths:4)
  3 golden dragons
  4 bone dragons (Abyss:3)
  the Enchantress (Depths:3)
  A Brimstone Fiend (Pan)
  3 tentacled monstrosities
  Jorgrun (Vaults:3)
  4 liches
  2 Ice Fiends (Pan)
  Rupert (Lair:8)
  A Hell Sentinel (Abyss:3)
  A quicksilver dragon (Depths:5)
  6 titans
  Gastronok (Lair:3)
  An ancient champion (Vaults:2)
  2 Executioners (Pan)
  7 sphinxes
  A storm dragon (Depths:4)
  9 shadow dragons
  14 tentacled starspawn (Abyss:3)
  Kirke (Snake:3)
  9 tengu reavers
  A draconian monk (Depths:5)
  9 thorn hunters
  13 daevas (Pan)
  2 azure jellies (Vaults:1)
  11 greater nagas
  Wiglaf (Vaults:4)
  3 warmongers (Pan)
  6 fire giants
  3 iron dragons
  A corrupter (Pan)
  5 frost giants
  19 angels (Pan)
  A draconian zealot (Abyss:3)
  3 deep elf sorcerers
  Aizul (Snake:1)
  2 cacodemons (Pan)
  19 vault wardens
  An emperor scorpion (shapeshifter) (Abyss:3)
  11 ironheart preservers
  The ghost of schroyenniels the Bludgeoner, a journeyman MiFi of the Shining One (Lair:8)
  A caustic shrike zombie (Depths:3)
  A draconian annihilator (Depths:5)
  14 very ugly things
  2 reapers
  2 grey draconians (Depths:5)
  2 spriggan defenders (Depths:3)
  2 war gargoyles (Vaults:5)
  12 ophanim (Pan)
  3 vampire knights
  3 deep elf demonologists
  2 blood saints (Pan)
  6 chaos champions (Pan)
  21 stone giants
  3 salamander stormcallers
  12 apis (Pan)
  3 green draconians
  Nessos (D:12)
  11 spark wasps
  A lorocyproca (Pan)
  2 purple draconians (Depths:5)
  An eidolon (Vaults:1)
  4 black suns (Pan)
  A crystal guardian (Vaults:4)
  A deep elf death mage (Vaults:2)
  2 red draconians (Depths:5)
  2 green deaths (Pan)
  12 ettins
  A deep elf high priest (Depths:3)
  3 blizzard demons
  14 fire dragons
  A merfolk impaler (Abyss:3)
  A quicksilver dragon zombie (Depths:3)
  The ghost of 4thArraOfDagon the Spear-Bearer, a journeyman HuAr of Yredelemnul (Orc:1)
  38 vault guards
  2 jiangshi (Abyss:3)
  15 yaktaur captains
  Erolcha (D:9)
  Snorg (D:10)
  9 great orbs of eyes
  10 naga warriors
  17 hydras
  2 hell beasts (Pan)
  5 entropy weavers
  5 rakshasas
  9 ice dragons
  4 spriggan air magi
  2 monstrous demonspawn (Pan)
  2 catoblepae (Lair:7)
  A quicksilver dragon skeleton (Depths:3)
  Erica (Orc:1)
  22 anacondas
  2 merfolk aquamancers (Depths:2)
  3 death knights
  16 ogre magi
  17 centaur warriors
  4 tengu warriors
  6 alligators
  6 deep troll shamans
  8 hell hogs
  10 deep troll earth magi
  A hell hog (shapeshifter) (D:15)
  19 thrashing horrors (Abyss:3)
  5 vampire magi
  14 naga sharpshooters
  2 hell knights (Depths:2)
  10 wretched stars (Abyss:3)
  8 soul eaters
  11 shock serpents
  4 deep elf knights
  6 orc high priests
  4 spriggan berserkers
  7 sun demons
  4 shadow wraiths
  A fire crab (shapeshifter) (Depths:3)
  4 fire crabs
  An iron troll (Depths:5)
  2 salamander mystics
  2 skeletal warriors
  2 spatial maelstroms (Abyss:3)
  23 deep trolls
  A death drake (Bailey)
  6 unseen horrors
  15 cherubim (Pan)
  5 sea snakes (Snake:4)
  4 flayed ghosts
  2 unseen horrors (shapeshifter)
  5 giant orange brains
  A giant orange brain (shapeshifter) (Vaults:4)
  2 infernal demonspawn (Pan)
  8 hill giants
  A shadow demon (Pan)
  3 shambling mangroves
  2 shadow dragon zombies
  5 swamp dragons
  A sea snake (shapeshifter) (Depths:2)
  3 gelid demonspawn (Pan)
  2 putrid demonspawn (Pan)
  9 deep elf archers
  A lindwurm (Lair:7)
  2 torturous demonspawn (Pan)
  6 naga ritualists
  18 ironbrand convokers
  7 wolf spiders
  5 wizards
  Pikel (D:9)
  5 harpies (Vaults:1)
  15 orc knights
  10 mana vipers
  5 necromancers
  11 griffons
  3 phantasmal warriors
  65 ugly things
  2 hornets (shapeshifter)
  A faun (shapeshifter) (Vaults:4)
  5 orc sorcerers
  2 manticores
  4 hornets
  A stone giant zombie (Abyss:3)
  18 deep elf magi
  3 sixfirhies
  10 salamanders
  2 fire giant skeletons
  7 worldbinders (Abyss:3)
  2 apocalypse crabs (Abyss:3)
  3 centaur zombies (D:11)
  4 cyclopes
  22 naga magi
  3 gargoyles
  2 drowned souls (Abyss:3)
  2 torpor snails
  17 guardian serpents
  15 vault sentinels
  21 spiny frogs
  36 black mambas
  A rust devil (Pan)
  14 smoke demons
  A torpor snail (shapeshifter) (Depths:2)
  5 ice statues
  6 orange demons
  53 yaktaurs
  2 kobold demonologists (Vaults:1)
  3 yaktaurs (shapeshifter)
  2 hellions
  8 komodo dragons
  8 ice devils
  8 ancient zymes (Abyss:3)
  2 demonic crawlers (Pan)
  2 anaconda simulacra (Vaults:1)
  4 spriggan druids
  A hellwing (Abyss:3)
  A human skeleton (Vaults:4)
  A tengu conjurer (Depths:2)
  2 fire drakes
  2 queen bees (shapeshifter)
  7 trolls
  A red devil (Pan)
  12 freezing wraiths
  A tormentor (Pan)
  A wolf spider simulacrum (Abyss:3)
  A merfolk (Depths:2)
  11 giant leeches
  4 polar bears
  8 raiju
  A tengu simulacrum (Depths:3)
  A jumping spider (Depths:3)
  A polar bear (shapeshifter) (Depths:4)
  A slime creature (shapeshifter) (Vaults:5)
  9 two-headed ogres
  12 blink frogs
  32 large abominations
  A trapdoor spider zombie (D:11)
  8 boulder beetles
  31 slime creatures
  6 bog bodies
  A fire dragon zombie (Abyss:3)
  15 flying skulls
  3 centaur simulacra
  A trapdoor spider (D:11)
  10 shadows
  3 tarantellas (Depths:3)
  10 redbacks
  10 wyverns
  41 starcursed masses (Abyss:3)
  An ice dragon skeleton (Abyss:3)
  6 ynoxinuls
  17 spriggans
  11 water elementals
  4 air elementals
  3 basilisks
  5 hogs (Snake:3)
  5 wraiths
  44 yaks
  A human (D:13)
  3 vampires
  2 hungry ghosts
  13 chaos spawn
  2 fire bats (Lair:6)
  17 hippogriffs
  2 golden eyes (Vaults:1)
  A human (shapeshifter) (Vaults:2)
  2 steam dragons
  37 vampire mosquitoes
  7 neqoxecs
  17 small abominations (Abyss:3)
  20 swamp worms
  4 swamp worm simulacra (Swamp:4)
  7 wargs
  A mottled dragon (D:15)
  31 wolves
  14 hydra simulacra
  17 hell hounds
  10 insubstantial wisps
  14 water moccasins
  63 nagas
  A soldier ant (shapeshifter) (Depths:4)
  8 porcupines
  4 slaves (D:9)
  4 black bears
  11 sky beasts
  2 eyes of draining
  48 orc warriors
  5 swamp drakes
  An eye of draining (shapeshifter) (Vaults:4)
  A fire dragon simulacrum (Abyss:3)
  2 phantoms (D:6)
  14 wasps
  5 necrophages (D:11)
  43 ogres
  2 boggarts (Depths:2)
  An ettin simulacrum (Vaults:4)
  21 centaurs
  A black mamba simulacrum (Vaults:1)
  An elf skeleton (Vaults:4)
  16 crocodiles
  A big kobold (D:10)
  22 giant frogs
  A wyvern skeleton (D:11)
  An earth elemental (Abyss:3)
  5 scorpions
  10 wights
  An elephant simulacrum (Vaults:1)
  6 killer bees
  2 electric eels
  10 crimson imps
  A lava snake (Lair:6)
  3 quasits
  4 jellies
  4 giant frog zombies
  A gnoll shaman (D:4)
  6 hounds
  34 orc wizards
  2 wasp zombies
  20 orc priests
  An iron imp (Abyss:3)
  5 giant frog skeletons
  8 centaur skeletons
  8 iguanas
  Natasha (thrice) (D:3)
  A siren (Sewer)
  2 lightning spires (Vaults:1)
  7 hell rats (Lair:3)
  9 worker ants
  A polar bear simulacrum (Lair:4)
  6 troll simulacra
  2 yak simulacra (Lair:4)
  A merfolk avatar (Sewer)
  2 spriggan simulacra (IceCv)
  4 killer bee zombies
  4 wolf simulacra (Lair:4)
  A sheep (shapeshifter) (Vaults:1)
  28 sheep
  2 hound skeletons (D:5)
  2 worker ant zombies
  Robin (D:3)
  10 gnolls
  2 ogre simulacra (IceCv)
  24 river rats
  16 adders
  5 shadow imps
  16 white imps
  An ufetubus (Abyss:3)
  2 oozes
  4 swamp drake simulacra (Swamp:4)
  2 adder zombies
  8 giant geckos
  126 orcs
  7 ball pythons
  8 bats
  2 giant cockroaches
  10 goblins
  14 hobgoblins
  10 jackals
  13 kobolds
  4 quokkas
  12 giant newts
  2 quokka skeletons
  25 rats
  4 river rat simulacra (Lair:4)
  30 briar patches
  8 fungi
  3 lurking horrors (Abyss:3)
  8 plants
  9 starspawn tentacles (Abyss:3)
2658 creatures vanquished.

Vanquished Creatures (others)
  A pandemonium lord (Pan)
  An Ice Fiend (Pan)
  A sphinx (Depths:1)
  An orc warlord (Vaults:4)
  An angel (Pan)
  A stone giant (Depths:5)
  A yaktaur captain (Vaults:4)
  A rakshasa (Abyss:3)
  A hell beast (Pan)
  A hydra (Lair:1)
  An anaconda (Snake:4)
  A shock serpent (Snake:4)
  A deep troll earth mage (Depths:2)
  A deep elf knight (Vaults:2)
  Nergalle (D:12)
  A deep troll (Vaults:4)
  An ironbrand convoker (Vaults:5)
  3 large abominations (Abyss:3)
  An ugly thing (Abyss:3)
  2 naga magi (Snake:4)
  2 yaktaurs (Vaults:1)
  A freezing wraith (Swamp:4)
  A troll (Vaults:4)
  2 two-headed ogres (Vaults:4)
  6 slime creatures (Depths:1)
  An air elemental (Abyss:3)
  A wyvern (D:11)
  A vampire (D:13)
  4 yaks
  A hippogriff (Lair:5)
  A wolf (Lair:8)
  A naga (Snake:4)
  3 hydra simulacra (Swamp:4)
  An orc warrior (Orc:2)
  A black bear (Lair:8)
  A wasp (Swamp:1)
  4 ogres
  A centaur (Vaults:1)
  A boggart (Depths:2)
  3 small abominations (Abyss:3)
  A giant frog (Lair:3)
  An orc wizard (Vaults:4)
  An orc priest (Depths:2)
  A troll simulacrum (Vaults:1)
  An ufetubus (Abyss:3)
  2 ball lightnings (Vaults:1)
  3 orcs
  A ball python (Swamp:3)
  15 briar patches
  46 eldritch tentacle segments (Pan)
  16 fungi
  2 lurking horrors (Abyss:3)
  39 plants
  11 spectral weapons
  43 starspawn tentacles (Abyss:3)
  574 starspawn tentacle segments (Abyss:3)
  10 toadstools (Swamp:1)
827 creatures vanquished.

Grand Total: 3485 creatures vanquished

Notes
Turn   | Place    | Note
--------------------------------------------------------------
     0 | D:1      | vatarom the Formicid Fighter began the quest for the Orb.
     0 | D:1      | Reached XP level 1. HP: 18/18 MP: 1/1
   166 | D:1      | Reached XP level 2. HP: 21/24 MP: 2/2
   197 | D:1      | Reached skill level 4 in Shields
   558 | D:1      | Reached XP level 3. HP: 29/29 MP: 3/3
   682 | D:2      | Found an opulent altar of Gozag.
   742 | D:2      | Found a burning altar of Makhleb.
   815 | D:2      | Found a white marble altar of Elyvilon.
   899 | D:2      | Found an oddly glowing altar of Pakellas.
   999 | D:1      | Reached XP level 4. HP: 4/35 MP: 4/4
  1410 | D:2      | Found a sacrificial altar of Ru.
  1471 | D:2      | Became a worshipper of Ru the Awakened
  1525 | D:2      | Reached skill level 5 in Shields
  1689 | D:3      | Noticed Robin
  1767 | D:3      | Reached XP level 5. HP: 41/41 MP: 5/5
  1953 | D:3      | Killed Robin
  2003 | D:3      | Noticed Natasha
  2006 | D:3      | Found an ancient bone altar of Kikubaaqudgha.
  2014 | D:3      | Killed Natasha
  2014 | D:3      | Reached skill level 5 in Maces & Flails
  2014 | D:3      | Reached XP level 6. HP: 24/47 MP: 6/6
  2224 | D:3      | Found an iron altar of Okawaru.
  2319 | D:3      | Noticed Natasha
  2324 | D:3      | Killed Natasha
  2367 | D:3      | Noticed Natasha
  2372 | D:3      | Killed Natasha
  2426 | D:3      | Reached skill level 6 in Maces & Flails
  2632 | D:3      | Reached XP level 7. HP: 49/52 MP: 7/7
  2921 | D:4      | Gained mutation: You are hated by all. [Ru sacrifice]
  2921 | D:4      | Reached * piety under Ru
  2936 | D:4      | Found a bloodstained altar of Trog.
  3011 | D:4      | Found a glowing drain.
  3082 | Sewer    | Entered a sewer
  3176 | Sewer    | Reached skill level 7 in Maces & Flails
  3430 | D:4      | Found a staircase to the Ecumenical Temple.
  3438 | D:4      | Found a basalt altar of Yredelemnul.
  3471 | D:4      | Reached XP level 8. HP: 51/58 MP: 8/8
  3481 | Temple   | Entered the Ecumenical Temple
  3670 | D:5      | Entered Level 5 of the Dungeon
  3798 | D:5      | Reached skill level 5 in Armour
  3799 | D:5      | Found a shadowy altar of Dithmenos.
  3832 | D:5      | Gained mutation: You are weak. (Str -2) [mutagenic meat]
  3833 | D:5      | Gained mutation: You are somewhat resistant to further mutation. [mutagenic meat]
  3954 | D:5      | Got a polished mace
  3955 | D:5      | Identified the +3 mace "Pogoq" {elec, +Inv} (You found it on level 5 of the Dungeon)
  4414 | D:6      | Gained mutation: You cannot train Dodging skill. [Ru sacrifice]
  4414 | D:6      | Reached ** piety under Ru
  4480 | D:6      | Found a shattered altar of Ashenzari.
  4499 | D:6      | Reached skill level 5 in Fighting
  4505 | D:6      | Reached XP level 9. HP: 68/68 MP: 9/9
  4665 | D:6      | Found a glowing silver altar of Zin.
  4760 | D:7      | Noticed PinkishYellow's ghost (novice OgBe)
  4867 | D:6      | Reached skill level 8 in Armour
  5136 | D:7      | Identified the Tome of the Torrid Mountains
  5581 | D:7      | You fall through a shaft!
  5730 | D:8      | Found a staircase to the Lair.
  5732 | D:8      | Noticed a fire drake
  5747 | D:8      | Killed a fire drake
  5795 | D:8      | Reached skill level 9 in Armour
  5914 | D:8      | Reached XP level 10. HP: 80/80 MP: 10/10
  6413 | D:9      | Found a sparkling altar of Nemelex Xobeh.
  6415 | D:9      | Noticed Erolcha
  6430 | D:9      | Killed Erolcha
  6602 | D:9      | Found Ropsuj's General Store.
  6616 | D:9      | Gained mutation: You cannot read scrolls while threatened. [Ru sacrifice]
  6616 | D:9      | Reached *** piety under Ru
  6635 | D:9      | Got a bloodstained ring mail
  6636 | D:9      | Identified the +2 ring mail of the Storm King {*Corrode Dex+5 Slay+2 SInv} (You found it on level 9 of the Dungeon)
  6664 | D:9      | Noticed Pikel
  6673 | D:9      | Killed Pikel
  6799 | D:9      | Bought a +8 plate armour of ponderousness for 400 gold pieces
  6823 | D:9      | Found a deep blue altar of Sif Muna.
  7137 | D:10     | Entered Level 10 of the Dungeon
  7137 | D:10     | Found a flagged portal.
  7196 | Bailey   | Entered a bailey
  7562 | Bailey   | Noticed an orc knight
  7589 | Bailey   | Noticed a death drake
  7589 | Bailey   | an orc knight changed into a death drake
  7639 | Bailey   | Killed a death drake
  7639 | Bailey   | Reached XP level 11. HP: 22/82 MP: 11/11
  7826 | Bailey   | Noticed an orc knight
  7840 | D:10     | Found Utoph's Armour Boutique.
  7840 | D:10     | Noticed a hill giant
  7850 | D:10     | Killed a hill giant
  7850 | D:10     | Reached skill level 10 in Maces & Flails
  7875 | D:10     | Found a staircase to the Orcish Mines.
  7877 | D:10     | Found Tenekyel's Weapon Boutique.
  8079 | D:10     | Noticed a hill giant
  8090 | D:10     | Killed a hill giant
  8234 | D:10     | Reached skill level 11 in Maces & Flails
  8270 | D:10     | Noticed Snorg
  8280 | D:10     | Noticed a hill giant
  8287 | D:10     | Killed Snorg
  8293 | D:10     | Killed a hill giant
  8673 | D:10     | Noticed a griffon
  8689 | D:10     | Killed a griffon
  8821 | D:10     | Gained mutation: You regenerate slowly when monsters are visible. [Ru sacrifice]
  8821 | D:10     | Reached **** piety under Ru
  9201 | D:11     | Reached skill level 10 in Fighting
  9245 | D:11     | Noticed a five-headed hydra
  9251 | D:11     | Killed a five-headed hydra
  9251 | D:11     | Reached XP level 12. HP: 83/98 MP: 12/12
  9582 | D:11     | Noticed a skeletal warrior
  9621 | D:11     | Killed a skeletal warrior
  9692 | D:11     | Reached skill level 12 in Fighting
  9896 | D:11     | Reached skill level 1 in Evocations
 10828 | D:12     | Reached skill level 5 in Evocations
 10836 | D:12     | Noticed Nessos
 10848 | D:12     | Killed Nessos
 10884 | D:12     | Noticed a centaur warrior
 10897 | D:12     | Killed a centaur warrior
 10897 | D:12     | Reached XP level 13. HP: 96/108 MP: 17/17
 11116 | D:12     | Noticed Nergalle
 11130 | D:12     | Killed Nergalle
 11239 | D:12     | Reached skill level 10 in Shields
 11333 | D:12     | Gained mutation: You cannot be stealthy. [Ru sacrifice]
 11333 | D:12     | Reached ***** piety under Ru
 11779 | D:13     | Noticed a centaur warrior
 11791 | D:13     | Killed a centaur warrior
 11914 | D:13     | Noticed a vault guard
 12085 | Lair:1   | Entered Level 1 of the Lair of Beasts
 12589 | Lair:1   | Found an iron altar of Okawaru.
 12614 | Lair:1   | Noticed a four-headed hydra
 12628 | Lair:1   | Killed a four-headed hydra
 12913 | Lair:1   | Noticed a six-headed hydra
 12921 | Lair:1   | Killed a six-headed hydra
 13075 | Lair:2   | Gained mutation: You cannot study or cast Earth magic. [Ru sacrifice]
 13075 | Lair:2   | Gained mutation: You cannot study or cast Transmutations magic. [Ru sacrifice]
 13075 | Lair:2   | Gained mutation: You cannot study or cast Summoning magic. [Ru sacrifice]
 13160 | Lair:2   | Noticed a four-headed hydra
 13171 | Lair:2   | Killed a four-headed hydra
 13171 | Lair:2   | Reached skill level 10 in Evocations
 13812 | Lair:2   | Got a transparent ring mail
 13813 | Lair:2   | Identified the cursed +0 ring mail of the Gate {rC+} (You found it on level 2 of the Lair of Beasts)
 13959 | Lair:3   | Reached skill level 10 in Armour
 14076 | Lair:3   | Reached XP level 14. HP: 115/115 MP: 21/21
 14115 | Lair:3   | Found a staircase to the Snake Pit.
 14164 | Lair:3   | Got a transparent dire flail
 14169 | Lair:3   | Identified the cursed +1 dire flail of the Hand {freeze, rPois Str+4 Int+2} (You found it on level 3 of the Lair of Beasts)
 14191 | Lair:3   | Noticed Gastronok
 14203 | Lair:3   | Killed Gastronok
 14518 | Lair:3   | Gained mutation: You are frail (-10% HP). [Ru sacrifice]
 14518 | Lair:3   | Reached ****** piety under Ru
 15721 | Lair:5   | Found a staircase to the Swamp.
 16769 | Lair:6   | Found a runed door.
 16949 | Lair:6   | Reached skill level 13 in Maces & Flails
 16954 | Lair:6   | Got a warped turquoise ring
 16961 | Lair:6   | Identified the ring "Efonarie" {rF+ rC- MR++} (You found it on level 6 of the Lair of Beasts)
 17067 | Lair:6   | Identified a -3 rod of the swarm (12/12) (You found it on level 6 of the Lair of Beasts)
 17406 | Lair:6   | You fall through a shaft for 2 floors!
 17406 | Lair:8   | Entered Level 8 of the Lair of Beasts
 17658 | Lair:7   | Reached XP level 15. HP: 109/109 MP: 23/23
 17737 | Lair:7   | Found a dark tunnel.
 17826 | Volcano  | Entered a volcano
 18430 | Lair:7   | Gained mutation: Scrolls take you a little longer to read. [potion of mutation]
 18430 | Lair:7   | Gained mutation: You possess an exceptional clarity of mind. [potion of mutation]
 18835 | Lair:8   | Noticed Rupert
 18836 | Lair:8   | Noticed schroyenniels's ghost (journeyman MiFi)
 18847 | Lair:8   | Killed Rupert
 18847 | Lair:8   | Reached skill level 14 in Maces & Flails
 18857 | Lair:8   | Killed schroyenniels's ghost
 19697 | Lair:8   | Got a pair of smoking gloves
 19700 | Lair:8   | Identified the +0 pair of gloves "Kuguex" {+Fly rPois Dex+4} (You found it on level 8 of the Lair of Beasts)
 19814 | Lair:8   | Found a viscous altar of Jiyva.
 19814 | Lair:8   | Found a staircase to the Slime Pits.
 20912 | D:13     | Found a gate to the Vaults.
 20923 | D:13     | Reached XP level 16. HP: 95/116 MP: 24/24
 22209 | D:15     | Entered Level 15 of the Dungeon
 22897 | D:15     | Noticed a frost giant
 22915 | D:15     | Killed a frost giant
 23055 | D:15     | Found a staircase to the Depths.
 23315 | Orc:1    | Entered Level 1 of the Orcish Mines
 23423 | Orc:1    | Noticed 4thArraOfDagon's ghost (journeyman HuAr)
 23436 | Orc:1    | Killed 4thArraOfDagon's ghost
 23466 | Orc:1    | Noticed Erica
 23476 | Orc:1    | Killed Erica
 23565 | Orc:1    | Found a frozen archway.
 23704 | IceCv    | Entered an ice cave
 24005 | IceCv    | Reached skill level 15 in Fighting
 24988 | Orc:2    | Entered Level 2 of the Orcish Mines
 25019 | Orc:2    | Found a staircase to the Elven Halls.
 25118 | Orc:2    | Found Gutefea's Distillery.
 25206 | Orc:2    | Bought a potion of cure mutation for 455 gold pieces
 25206 | Orc:2    | Lost mutation: You possess an exceptional clarity of mind. [potion of cure mutation]
 25206 | Orc:2    | Lost mutation: Scrolls take you a little longer to read. [potion of cure mutation]
 25206 | Orc:2    | Lost mutation: You are weak. (Str -2) [potion of cure mutation]
 25265 | Orc:2    | Found a roughly hewn altar of Beogh.
 25351 | Orc:2    | Found Deotu's Weapon Shop.
 25406 | Orc:2    | Reached XP level 17. HP: 109/127 MP: 25/25
 25451 | Orc:2    | Found Rall's General Store.
 25472 | Orc:2    | Found Boaceo's Distillery.
 25474 | Orc:2    | Found Vihyf's Magic Scroll Shop.
 25480 | Orc:2    | Bought a potion of mutation for 45 gold pieces
 25480 | Orc:2    | Bought a potion of cure mutation for 630 gold pieces
 25482 | Orc:2    | Bought a scroll of acquirement for 832 gold pieces
 25536 | Orc:2    | Bought a potion of mutation for 32 gold pieces
 25536 | Orc:2    | Gained mutation: Your system is resistant to poisons. [potion of mutation]
 25536 | Orc:2    | Gained mutation: You are clumsy. (Dex -2) [potion of mutation]
 25754 | Snake:1  | Entered Level 1 of the Snake Pit
 25823 | Snake:1  | Reached skill level 16 in Fighting
 25958 | Snake:1  | Noticed Aizul
 25984 | Snake:1  | Killed Aizul
 26826 | Snake:1  | XOM: swap monsters
 27059 | Snake:2  | Reached skill level 15 in Maces & Flails
 27236 | Snake:2  | Reached skill level 1 in Spellcasting
 27253 | Snake:2  | Got an encrusted eveningstar
 27254 | Snake:2  | Identified the +10 eveningstar of the Forsaken Nights {freeze, rElec rPois Dex+3} (You acquired it on level 2 of the Snake Pit)
 27886 | Snake:2  | Learned a level 5 spell: Phase Shift
 28684 | Snake:3  | Reached XP level 18. HP: 123/137 MP: 26/26
 28710 | Snake:3  | Noticed Kirke
 28724 | Snake:3  | Killed Kirke
 29297 | Snake:4  | Entered Level 4 of the Snake Pit
 29847 | Snake:4  | Reached skill level 17 in Maces & Flails
 29954 | Snake:4  | Reached skill level 18 in Maces & Flails
 30287 | Snake:4  | Reached XP level 19. HP: 88/143 MP: 27/27
 30858 | Snake:4  | Reached skill level 19 in Maces & Flails
 31420 | Snake:4  | Got a serpentine rune of Zot
 31690 | Swamp:1  | Entered Level 1 of the Swamp
 32034 | Swamp:1  | Reached skill level 5 in Spellcasting
 33335 | Swamp:2  | XOM: harmless Air miscast
 33833 | Swamp:3  | Reached skill level 15 in Armour
 34244 | Swamp:4  | Entered Level 4 of the Swamp
 34446 | Swamp:4  | XOM: swap monsters
 34465 | Swamp:4  | Reached XP level 20. HP: 74/150 MP: 32/32
 34797 | Swamp:4  | Learned a level 6 spell: Mass Confusion
 35042 | Swamp:4  | Reached skill level 1 in Hexes
 35989 | Swamp:4  | Got a decaying rune of Zot
 36524 | Vaults:1 | Entered Level 1 of the Vaults
 36609 | Vaults:1 | Reached skill level 5 in Hexes
 36703 | Vaults:1 | Identified Baesmi's Papyrus of Excruciating Lightness (You found it on level 1 of the Vaults)
 36707 | Vaults:1 | Learned a level 2 spell: Repel Missiles
 37560 | Vaults:1 | Found Weychisa's Jewellery Shoppe.
 37564 | Vaults:1 | Bought the ring "Felywnet" {MR+ MP+9 Slay+2} for 615 gold pieces
 37764 | Vaults:1 | Reached skill level 10 in Hexes
 37800 | Vaults:1 | Identified Sif Muna's Tome of Curses (You found it on level 1 of the Vaults)
 37923 | Vaults:1 | Learned a level 3 spell: Confuse
 38172 | Vaults:1 | Reached XP level 21. HP: 155/155 MP: 28/33
 38590 | Vaults:1 | Identified the Volume of the Destructive Snowflakes (You found it on level 1 of the Vaults)
 39409 | Vaults:2 | Found a staircase to the Crypt.
 40082 | Crypt:1  | Entered Level 1 of the Crypt
 40137 | Vaults:3 | Noticed Jorgrun
 40159 | Vaults:3 | Killed Jorgrun
 40678 | Vaults:3 | Reached skill level 10 in Spellcasting
 40711 | Vaults:3 | Noticed Mennas
 40739 | Vaults:3 | Killed Mennas
 41429 | Vaults:3 | Reached XP level 22. HP: 153/162 MP: 37/37
 42126 | Vaults:4 | Reached skill level 15 in Hexes
 42288 | Vaults:4 | Noticed Wiglaf
 42309 | Vaults:4 | Killed Wiglaf
 42483 | Vaults:4 | Found Wieluip's Magic Scroll Emporium.
 42486 | Vaults:4 | Found a basalt altar of Yredelemnul.
 42822 | Vaults:4 | Noticed Boris
 42825 | Vaults:4 | Noticed Sojobo
 42875 | Vaults:4 | Killed Boris
 42883 | Vaults:4 | Killed Sojobo
 43020 | Vaults:4 | Got a crude shield
 43048 | Vaults:4 | Identified the cursed +0 shield of Shadows and Fog {rF++ MR- Str+2 Dex+3} (You found it on level 4 of the Vaults)
 43742 | Vaults:5 | Entered Level 5 of the Vaults
 43750 | Vaults:5 | Reached XP level 23. HP: 160/167 MP: 32/40
 46283 | Vaults:3 | Reached skill level 15 in Spellcasting
 46880 | Vaults:5 | Reached XP level 24. HP: 101/173 MP: 42/42
 46912 | Vaults:5 | Got an ebony scythe {venom}
 47007 | Vaults:5 | Identified the +6 scythe "Death Rattle" {venom, MP+9 Str+3} (You took it off a vault warden on level 5 of the Vaults)
 47250 | Vaults:5 | Identified the Catalogue of Displacement
 47811 | Vaults:5 | Got a silver rune of Zot
 48473 | Depths:1 | Entered Level 1 of the Depths
 48507 | Depths:1 | Reached skill level 15 in Shields
 49116 | Depths:1 | Found a gateway to a ziggurat.
 49356 | Depths:1 | Found a gateway to Hell.
 49694 | Depths:1 | Learned a level 3 spell: Spectral Weapon
 49852 | Depths:2 | Learned a level 4 spell: Cause Fear
 49935 | Depths:2 | Got a wavering lapis lazuli ring
 49936 | Depths:2 | Identified the ring of the Worm {SustAt Slay+6} (You found it on level 2 of the Depths)
 49950 | Depths:2 | Found a shadowy altar of Dithmenos.
 50160 | Depths:2 | Got a translucent silver ring
 50182 | Depths:2 | Identified the ring of Cyssohyat {Fragile rElec MP+9 SInv Stlth+} (You found it on level 2 of the Depths)
 50197 | Depths:2 | Found a blossoming altar of Fedhas.
 50263 | Depths:2 | Upgraded the game from 0.18-a0-971-g0af6217 to 0.18-a0-987-g0b0e4e7
 50462 | Depths:2 | Reached XP level 25. HP: 103/180 MP: 40/43
 50475 | Depths:2 | Got an encrusted scale mail
 50513 | Depths:2 | Identified the +1 scale mail "Vukhi" {+Blink MR+ Int+3} (You found it on level 2 of the Depths)
 50590 | Depths:2 | Learned a level 3 spell: Regeneration
 50602 | Depths:2 | Got a twisted ring mail
 50603 | Depths:2 | Identified the +5 ring mail "Xemap" {rC+ SInv} (You found it on level 2 of the Depths)
 50637 | Depths:2 | Reached skill level 1 in Necromancy
 51140 | Depths:3 | Found a one-way gate leading to the halls of Pandemonium.
 51457 | Depths:3 | Reached skill level 5 in Necromancy
 52427 | Depths:3 | Found a radiant altar of Vehumet.
 52433 | Depths:3 | Noticed the Enchantress
 52442 | Depths:3 | Killed the Enchantress
 52445 | Depths:3 | Got a faerie dragon armour
 52446 | Depths:3 | Identified the +0 faerie dragon armour {rElec Str-2 Int+5} (You took it off the Enchantress on level 3 of the Depths)
 52474 | Depths:3 | Identified Sahisuodgh's Tome of Excruciating Feathers
 52619 | Depths:4 | Noticed a caustic shrike
 52626 | Depths:4 | Killed a caustic shrike
 52712 | Depths:4 | Found Tidwuom's Assorted Antiques.
 52850 | Depths:4 | Found Tiuthrila's Book Shoppe.
 52853 | Depths:4 | Bought a Necronomicon for 1987 gold pieces
 52858 | Depths:4 | Found a one-way gate to the infinite horrors of the Abyss.
 53003 | Depths:4 | Found Gevisid's Jewellery Shop.
 53056 | Depths:4 | Found Qeczeq's Book Shop.
 53078 | Depths:4 | Noticed Noname's ghost (veteran HOGl)
 53121 | Depths:4 | Killed Noname's ghost
 53237 | Depths:4 | Noticed an iron giant
 53270 | Depths:4 | Killed an iron giant
 53270 | Depths:4 | Reached skill level 10 in Necromancy
 53338 | Depths:4 | Found Fubror's Magic Scroll Boutique.
 53621 | Depths:4 | Learned a level 8 spell: Borgnjor's Revivification
 53630 | Depths:4 | Learned a level 8 spell: Death's Door
 53760 | Depths:5 | Entered Level 5 of the Depths
 53807 | Depths:5 | Reached XP level 26. HP: 184/189 MP: 43/43
 55287 | Depths:5 | Found a gate to the Realm of Zot.
 55749 | Depths:4 | Voluntarily entered the Abyss.
 56180 | Abyss:3  | Found a corrupted altar of Lugonu.
 56739 | Abyss:3  | Reached XP level 27. HP: 84/179 MP: 41/43
 57180 | Abyss:3  | Reached skill level 15 in Evocations
 57465 | Abyss:3  | HP: 4/201 [large abomination (11)]
 57854 | Abyss:3  | Got an abyssal rune of Zot
 58138 | Depths:4 | Escaped the Abyss
 58497 | Pan      | Entered Pandemonium
 58667 | Pan      | Noticed a seraph
 58692 | Pan      | Killed a seraph
 58932 | Pan      | Found a glowing golden altar of the Shining One.
 58959 | Pan      | Got a bound copper amulet
 58960 | Pan      | Identified the amulet "Upiubbil" {Faith rPois rN++ MR- Stlth+} (You found it in Pandemonium)
 58968 | Pan      | Got a demonic rune of Zot
 59081 | Pan      | Got a shimmering glass ring
 59082 | Pan      | Identified the ring "Qaid" {+/*Tele +Fly rElec rC+ MP-9} (You took it off an angel in Pandemonium)
 59088 | Pan      | Got a coiled platinum ring
 59571 | Pan      | Got a faintly glowing large shield
 59572 | Pan      | Identified the cursed +0 large shield of Distant Shores {MR+} (You took it off a daeva in Pandemonium)
 59644 | Pan      | Found a glowing silver altar of Zin.
 60378 | Pan      | Identified the ring of Juogo {rC+ Int+4 Stlth-} (You took it off a seraph in Pandemonium)
 60661 | Pan      | Reached skill level 15 in Necromancy
 61109 | Pan      | Gained mutation: Your spells are a little easier to cast, but a little less powerful. [a cacodemon]
 61117 | Pan      | Noticed Abrais the pandemonium lord
 61141 | Pan      | Killed Abrais the pandemonium lord
 61709 | Pan      | Found an exit through the horrors of the Abyss.
 61768 | Pan      | Learned a level 9 spell: Tornado
 61858 | Pan      | Reached skill level 1 in Air Magic
 63048 | Pan      | Reached skill level 5 in Air Magic
 63099 | Pan      | Found an exit through the horrors of the Abyss.
 63155 | Pan      | Gained mutation: You are weak. (Str -2) [a neqoxec]
 63299 | Pan      | Noticed Tovezeh the pandemonium lord
 63324 | Pan      | HP: 10/201 [smoke demon/divine providence (14)]
 63327 | Pan      | HP: 4/201 [soul eater/drain life (8)]
 63329 | Pan      | Killed from afar by a soul eater

Vault maps used:
D:1:      dpeg_arrival_pond
D:2:      elyvilon_altar_5, lemuel_crystal_altar,
          nicolae_overflow_hidden_temple, lemuel_crystal_altar,
          grunt_pakellas_basics
D:3:      lemuel_crystal_altar, kennysheep_okawaru_gauntlet, first_bread,
          grunt_decor_mini_mirrors, minivault_24, uniq_robin, uniq_natasha
D:4:      lemuel_round_altar, yredelemnul_altar_generic, temple_fountains,
          lightli_sewer_entry_pipes
D:5:      grunt_dithmenos_smoke_and_mirrors
D:6:      cheibrodos_ashenzari_chains, lemuel_coloured_pillars_altar
D:7:      grunt_livestock
D:8:      minmay_lair_entry_lava, kennysheep_decorative_pillar,
          hangedman_decor_riveting
D:9:      old_standard_altar, nemelex_deck, serial_shops,
          nicolae_shop_waterfront, grunt_ministairs_1, hangedman_decor_growths,
          uniq_pikel, uniq_erolcha
D:10:     orc_david_3, enter_bailey_2, st_stairs_14, uniq_snorg
D:11:     hangedman_screamer, evilmike_surprise_oklob
D:12:     uniq_nessos, uniq_nergalle
D:13:     grunt_vaults_entry_fortified, patterned_corridor
D:14:     roderic_lattice_a, minivault_16
D:15:     grunt_enter_depths_snipers, grunt_decor_fettered
Temple:   hc_temple_tempest_star_small
Lair:1:   basic_altar
Lair:2:   nicolae_quartered_pool_little, grunt_forest_large_clearing_hut
Lair:3:   guppyfry_snake_entry_garden, uniq_gastronok
Lair:4:   eino_house_with_fridge, grunt_megastairs_3
Lair:5:   swamp_mist_pool, st_stairs_6
Lair:6:   dragon1_lemuel, pf_torpor_hydra
Lair:7:   nicolae_volcano_entry_vermiform
Lair:8:   minmay_lair_end_enchanted_forest, slime_altar_1, minivault_19,
          uniq_rupert
Swamp:1:  cheibrodos_swamp_tower_of_moss, infiniplex_staircase_pool
Swamp:2:  evilmike_swamp_ruin_rubble_2, swamp_pool1
Swamp:3:  evilmike_swamp_ruin_house_1, swamp_pool2, nicolae_swamp_snake_nest
Swamp:4:  swamp_icy
Snake:1:  st_stairs_6, lemuel_fruit_tree, uniq_aizul
Snake:3:  uniq_kirke
Snake:4:  grunt_snake_rune_serpentine_throne, st_stairs_14,
          nicolae_large_snake_swirl, serial_bayou_shore_a
Orc:1:    minmay_goldmine, portal_ice_cave_entry_imps, uniq_erica
Orc:2:    st_orc_elflike, serial_shops, shop, basic_altar
Vaults:1: nicolae_vaults_windows_and_doors_thing, nicolae_vaults_triangles,
          v_misc_29, nicolae_vaults_murderbox, vaults_dpeg_doors,
          hangedman_vaults_slice, nicolae_vaults_alarming, v_misc_15,
          serial_hangedman_research, hangedman_research_thermodynamics,
          hangedman_research_electronics, hangedman_research_probablistics,
          serial_shops, nicolae_shop_behind_doors
Vaults:2: hangedman_vaults_slither, nicolae_vaults_three_branches,
          nicolae_vaults_display_case, minmay_crypt_entry_simple_sparse,
          hangedman_vaults_impose, hangedman_vaults_trim, serial_glass
Vaults:3: ontoclasm_vaults_water_temple, ontoclasm_vaults_gateway,
          ontoclasm_vaults_shuriken, v_misc_1, nicolae_vaults_ring_of_whatevers,
          vaults_standard_mumra_x, nicolae_vaults_rhombus_6,
          nicolae_vaults_theta, v_pattern_4, vaults_room_corners,
          grunt_vaults_hallway_long, uniq_mennas, uniq_jorgrun
Vaults:4: nicolae_vaults_quartermaster, vaults_room_door_hall,
          nicolae_vaults_what_the_h, hangedman_vaults_variations, v_pattern_5,
          nicolae_vaults_circle_grid_b, vaults_dpeg_diagonal,
          nicolae_vaults_yaktaur_gun_rack, hangedman_vaults_impose,
          nicolae_vaults_border_crossing, serial_shops, shop, basic_altar,
          uniq_sojobo, uniq_wiglaf, uniq_boris
Crypt:1:  minmay_misc_feat_columns, grunt_megastairs_1, uniq_donald
Depths:1: enter_ziggurat_e, serial_bayou_ford_a, grunt_hell_horde,
          library_closet, lemuel_flamethrower_2
Depths:2: hangedman_spin_cycle, hell_entry
Depths:3: grunt_forest_end_shrine, hell_entry, serial_sigils_hangedman_shear,
          pan_entry, serial_bayou_lagoon_a, serial_sigils_hangedman_clutch,
          minmay_misc_feat_room, grunt_ministairs_14, minmay_staircase_bubble
Depths:4: minmay_containers, minmay_crystal_water, abyss_entry,
          rand_demon_pan_entry_7, serial_shops, nicolae_shop_window_shopping,
          nicolae_shop_behind_doors, shop, nicolae_shop_behind_doors, shop,
          hell_entry
Depths:5: evilmike_zot_entry_gauntlet, pf_hell_entry_great_geh,
          nrook_mini_backslash, minmay_door_square, serial_bayou_pond_d,
          grunt_ministairs_7, basic_stair_grate_trap
Abyss:2:  hangedman_shadowy_showcase, small_statue_intersection
Abyss:3:  hangedman_abyss_stitches_cave
Pan:      evilmike_holy_pan, rand_demon_1, nicolae_pan_lom_lobonic_4,
          evilmike_mini_pan_doors, pan_blood_fountain_small
Sewer:    sewer_sea
Bailey:   bailey_polearm_5, bailey
IceCv:    ice_cave_tombish
Volcano:  volcano_pools

Action                   |  1- 3 |  4- 6 |  7- 9 | 10-12 | 13-15 | 16-18 | 19-21 | 22-24 | 25-27 || total
-------------------------+-------+-------+-------+-------+-------+-------+-------+-------+-------++-------
Melee: Flail             |    89 |   217 |   277 |       |   704 |       |       |       |       ||  1287
       Mace              |       |       |   191 |   754 |    34 |       |       |       |       ||   979
       Dire flail        |       |       |       |       |  1118 |   997 |       |       |       ||  2115
       Eveningstar       |       |       |       |       |       |   412 |  1540 |  1415 |  2311 ||  5678
 Cast: Confuse           |       |       |       |       |       |       |    39 |     5 |    10 ||    54
       Mass Confusion    |       |       |       |       |       |       |       |     7 |    19 ||    26
       Spectral Weapon   |       |       |       |       |       |       |       |    14 |    32 ||    46
       Cause Fear        |       |       |       |       |       |       |       |     1 |     1 ||     2
       Regeneration      |       |       |       |       |       |       |       |       |    53 ||    53
Invok: Sacrifice Love    |       |       |     1 |       |       |       |       |       |       ||     1
       Sacrifice Nimblen |       |       |     1 |       |       |       |       |       |       ||     1
       Draw Out Power    |       |       |       |     2 |     1 |     2 |     4 |       |    11 ||    20
       Sacrifice Words   |       |       |       |     1 |       |       |       |       |       ||     1
       Sacrifice Purity  |       |       |       |     1 |       |       |       |       |       ||     1
       Power Leap        |       |       |       |     2 |       |     1 |       |       |       ||     3
       Sacrifice Stealth |       |       |       |       |     1 |       |       |       |       ||     1
       Sacrifice Arcana  |       |       |       |       |     1 |       |       |       |       ||     1
       Apocalypse        |       |       |       |       |     2 |     6 |     5 |     4 |     5 ||    22
       Sacrifice Health  |       |       |       |       |     1 |       |       |       |       ||     1
 Abil: Dig               |     2 |     1 |       |       |     2 |     7 |       |       |     3 ||    15
       Shaft Self        |       |       |     1 |       |       |       |       |       |       ||     1
Evoke: Wand              |       |       |     1 |     7 |     1 |    12 |     5 |       |    27 ||    53
       Rod               |       |       |       |     1 |     2 |       |       |       |       ||     3
       Piece from Xom's  |       |       |       |       |       |     2 |     2 |       |       ||     4
  Use: Scroll            |     6 |     1 |     9 |     3 |    23 |     9 |     7 |    10 |    14 ||    82
       Potion            |     1 |     1 |     5 |    17 |     5 |    14 |     4 |     8 |    16 ||    71
 Stab: Invisible         |       |       |     2 |     6 |    17 |     6 |    10 |     7 |    22 ||    70
       Distracted        |       |       |     1 |     4 |     7 |     7 |     5 |     6 |    24 ||    54
       Paralysed         |       |       |       |       |    20 |     9 |     5 |    19 |    15 ||    68
       Confused          |       |       |       |       |       |     1 |    13 |     3 |     5 ||    22
       Petrifying        |       |       |       |       |       |       |       |       |     3 ||     3
  Eat: Bread ration      |     1 |     1 |     2 |     1 |     3 |     2 |     1 |       |     3 ||    14
       Chunk             |       |       |     4 |     2 |    10 |     1 |    20 |    28 |    36 ||   101
       Meat ration       |       |       |     1 |       |     2 |     4 |     3 |     1 |     1 ||    12
       Beef jerky        |       |       |       |     3 |       |       |     1 |       |       ||     4
       Fruit             |       |       |       |     3 |     4 |       |       |       |       ||     7
       Royal jelly       |       |       |       |       |     3 |       |       |       |       ||     3
       Pizza             |       |       |       |       |       |     3 |       |     1 |       ||     4
